 Dungeon Crawl Stone Soup version 0.31-a0-841-g038b102fc3 (webtiles) character file.

Game seed: 14459760095528884604

1197 LeprechaunX the Changeling (level 8, -5/54 HPs)
             Began as an Octopode Shapeshifter on Sept 27, 2023.
             Was a Follower of Yredelemnul.
             Slain by a gnoll
             ... wielding a +0 spear
              (15 damage)
             ... on level 5 of the Dungeon.
             The game lasted 00:04:53 (3318 turns).

LeprechaunX the Changeling (Octopode Shapeshifter)  Turns: 3318, Time: 00:04:54

Health: -5/54      AC:  1    Str: 16    XL:     8   Next: 44%
Magic:  10/10      EV:  2    Int: 12    God:    Yredelemnul [*.....]
Gold:   300        SH:  0    Dex: 13    Spells: 7/7 levels left

rFire   . . .        b - +8 whip "Igoruh" {flame, Dex+2 Stlth+}
rCold   . . .        (no shield)
rNeg    . . .        (helmet currently unavailable)
rPois   .            j - amulet of reflection
rElec   .            (no ring)
rCorr   .            (no ring)
SInv    .            (no ring)
Will    .....        (no ring)
Stlth   +++          (no ring)
HPRegen 0.29/turn    (no ring)
MPRegen 0.12/turn    (no ring)
                     (no ring)

%: reflection
@: beast-form, sleeping
A: beast (slay +3), almost no armour, amphibious, 8 rings, camouflage 1,
gelatinous body 1, (nimble swimmer 1), tentacles
a: Begin Untransformation, Renounce Religion, Recall Undead Harvest


You were on level 5 of the Dungeon.
You worshipped Yredelemnul.
Yredelemnul was noncommittal.
You were a hulking beast.
You visited 1 branch of the dungeon, and saw 5 of its levels.

You collected 300 gold pieces.

Inventory:

Hand Weapons
 a - a +0 shortbow
 b - the +8 whip "Igoruh" (weapon) {flame, Dex+2 Stlth+}
   (You found it on level 2 of the Dungeon)

   Dex+2:     It affects your dexterity (+2).
   Stlth+:    It makes you more stealthy.
Armour
 o - a +1 hat
Jewellery
 j - an amulet of reflection (around mantle)
Talismans
 c - a flux talisman
 l - a beast talisman (active)
Wands
 m - a wand of polymorph (10)
Scrolls
 h - 3 scrolls of identify {unknown}
 n - a scroll of torment {unknown}
 p - 2 scrolls of teleportation {unknown}
 q - a scroll of fear {unknown}
 r - 2 scrolls of fog {unknown}
 s - a scroll of enchant armour {unknown}
Potions
 d - 4 potions of curing {unknown}
 e - a potion of ambrosia {unknown}
 f - a potion of lignification
 g - a potion of enlightenment {unknown}
 i - a potion of haste {unknown}
 k - 3 potions of heal wounds {unknown}
 t - a potion of attraction {unknown}
 u - 2 potions of berserk rage {unknown}


   Skills:
 + Level 4.0 Fighting
 + Level 4.4 Dodging
 + Level 4.9 Unarmed Combat
 + Level 3.8 Invocations
 * Level 6.1 Shapeshifting


You had 7 spell levels left.
You didn't know any spells.
Your spell library was empty.

Dungeon Overview and Level Annotations

Branches:
Dungeon (5/15)             Temple (0/1) D:5

Altars:
Yredelemnul

Shops:
D:4 (


Innate Abilities, Weirdness & Mutations

You are a hulking beast.
Your limbs bulge with bestial killing power. (Slay +3)
You cannot wear most types of armour.
You are amphibious.
You can wear up to eight rings at the same time.
Your skin changes colour to match your surroundings (Stealth+).
Your rubbery body absorbs attacks. (AC +1, EV +1)
((You are camouflaged when in or above water. (Stealth+)))
You have tentacles for arms and can constrict up to eight enemies at once.


Message History

The gnoll hits your gnoll zombie with a +0 spear.
The sleepcap releases spores at your gnoll zombie!
Your gnoll zombie is destroyed!
Your ice beast zombie hits the gnoll but does no damage.
You feel sick.
The gnoll hits your ice beast zombie with a +0 spear! x2
Your ice beast zombie hits the gnoll but does no damage.
You feel sick.
You are no longer poisoned.
The gnoll closely misses your ice beast zombie.
Your ice beast zombie barely misses the gnoll.
The gnoll hits your ice beast zombie with a +0 club!
Something completely misses your ice beast zombie.
Your ice beast zombie hits the gnoll but does no damage.
The gnoll attacks as it pursues you!
The gnoll hits you from afar with a +0 halberd!
The gnoll closely misses you.
You closely miss the gnoll. Your grab misses the gnoll.
You block the sleepcap's attack.
The gnoll hits you from afar with a +0 spear.
The gnoll completely misses you. The gnoll closely misses you.
Unknown command.
You whack the gnoll! You burn the gnoll.
You kill the gnoll!
The dead are walking!
You block the sleepcap's attack. The gnoll completely misses you.
The gnoll closely misses you.
Your Fighting skill increases to level 4!
You whack the gnoll! You burn the gnoll. You grab the gnoll.
You squeeze the gnoll.
You kill the gnoll!
The sleepcap releases spores at you.
The gnoll hits you from afar with a +0 spear!
* * * LOW HITPOINT WARNING * * *
The sleepcap releases spores at you.
* * * LOW HITPOINT WARNING * * *
You are engulfed in a cloud of soporific spores!
You fall asleep.
The gnoll hits you from afar with a +0 spear!
You die...
Your body rises from the dead as a mindless zombie.

#.#..........##...#.......#
.#.#.....###.......#.....##
>.#...#.........#.......########
.#.#.##.........#..............#
#.#............g...##....#..##.##
.#.............Z.....#..Z........
...)............#g.............#.
.)...###..#.....)##.##...........
...<.# ##..###.fh..............#.
.....# ##.#####.).............##
.....#####...#.................#
.###...........#Z..............##
.#####..####.....####.#.........#
.#.........#..#### #........##..
##.###.....#..# ###.###...###
...# ###......# #..###..... ####
#.<.##.## ##.# ####..


You could see a sleepcap (ally target), 2 gnolls, a friendly ice beast zombie
and a friendly gnoll zombie.

Vanquished Creatures
  An ice beast (D:5)
  A black bear (D:4)
  An ogre (D:5)
  2 phantoms (D:5)
  4 scorpions
  2 hounds (D:4)
  2 jellies
  A sleepcap (D:4)
  Natasha (thrice) (D:2)
  3 iguanas (D:5)
  Robin (D:2)
  6 gnolls (D:5)
  4 adders
  A shadow imp (D:5)
  A worm (D:2)
  A dart slug (D:2)
  6 orcs (D:3)
  3 endoplasms (D:1)
  3 giant cockroaches
  15 goblins
  9 hobgoblins
  7 jackals
  3 quokkas
  9 ball pythons
  4 bats
  4 frilled lizards
  4 kobolds
  7 rats
108 creatures vanquished.

Vanquished Creatures (collateral kills)
  An iguana (D:5)
  An adder (D:5)
  A worm (D:4)
  2 goblins
  2 hobgoblins
  A rat (D:2)
8 creatures vanquished.

Vanquished Creatures (others)
  4 iguana zombies (D:5)
  A gnoll zombie (D:5)
  A ball python zombie (D:2)
  5 goblin zombies (D:2)
  3 hobgoblin zombies (D:2)
  2 jackal zombies (D:2)
  An orc zombie (D:3)
  A rat zombie (D:2)
18 creatures vanquished.

Grand Total: 134 creatures vanquished

Notes
Turn   | Place    | Note
-------+----------+-------------------------------------------
     0 | D:1      | LeprechaunX the Octopode Shapeshifter began the quest for
                  | the Orb.
     0 | D:1      | Reached XP level 1. HP: 13/13 MP: 1/1
   108 | D:1      | Reached XP level 2. HP: 18/18 MP: 2/2
   346 | D:1      | Reached XP level 3. HP: 22/23 MP: 3/3
   440 | D:1      | Found a faded altar of an unknown god.
   791 | D:1      | Prayed at the altar of an unknown god.
   791 | D:1      | Became a worshipper of Yredelemnul the Dark
   791 | D:1      | Reached * piety under Yredelemnul
   864 | D:2      | You fall into a shaft and drop 1 floor!
  1044 | D:3      | Reached XP level 4. HP: 29/29 MP: 4/4
  1509 | D:2      | Identified the +8 whip "Igoruh" {flame, Dex+2 Stlth+}
  1510 | D:2      | Noticed Robin
  1520 | D:2      | Reached ** piety under Yredelemnul
  1536 | D:2      | Reached skill level 1 in Invocations
  1542 | D:2      | Killed Robin
  1543 | D:2      | Reached XP level 5. HP: 16/34 MP: 5/5
  1630 | D:2      | Reached skill level 4 in Shapeshifting
  1684 | D:2      | Noticed Natasha
  1691 | D:2      | Killed Natasha
  1857 | D:2      | Noticed Natasha
  1862 | D:2      | Killed Natasha
  1914 | D:2      | Noticed Natasha
  1927 | D:2      | Killed Natasha
  2038 | D:4      | Reached XP level 6. HP: 29/41 MP: 7/7
  2102 | D:4      | Noticed a black bear
  2114 | D:4      | Killed a black bear
  2121 | D:4      | Identified the +9 quarterstaff "Igicsireill" {holy, rElec
                  | rF- rC- Int+5 Stlth+}
  2305 | D:4      | Reached XP level 7. HP: 38/45 MP: 8/8
  2361 | D:4      | Found Meuqecuh's Weapon Shoppe.
  2367 | D:4      | Reached skill level 5 in Shapeshifting
  2566 | D:5      | Entered Level 5 of the Dungeon
  2672 | D:5      | Found a staircase to the Ecumenical Temple.
  2858 | D:5      | Reached XP level 8. HP: 17/53 MP: 10/10
  3258 | D:5      | Reached skill level 6 in Shapeshifting
  3318 | D:5      | Slain by a gnoll

Illustrated notes

Levels and vault maps discovered:
D:1:      elethiomel_arrival_infinity_welcomes_careful_drivers, layout_rooms,
          shapermc_ecumenical_altar_totnotflames, serial_glass, glass_columns_b,
          glass_columns_a, glass_columns_b, glass_columns_b, glass_columns_a,
          glass_columns_a
D:2:      layout_rooms, chequers_decorated_corner, minmay_octomino_j4,
          uniq_robin, uniq_natasha
D:3:      layout_basic, dk_noncrumbling_3, minmay_misc_feat_four_crosses
D:4:      layout_rooms, serial_shops, shop
D:5:      layout_rooms, minmay_temple_entry_grid

Skill      XL: |  1  2  3  4  5  6  7  8 |
---------------+-------------------------+-----
Fighting       | 2 3 4 |  4.0
Invocations    | 1 2 3 |  3.8
Shapeshifting  | 4 5 6 |  6.1
Dodging        | 3 4 |  4.4
Unarmed Combat | 4 |  4.9

Action                     |  1- 3 |  4- 6 |  7- 9 || total
---------------------------+-------+-------+-------++-------
  Melee: Unarmed           |    64 |    48 |       ||   112
         Constrict         |    16 |    29 |    11 ||    56
         Tentacles         |     6 |    13 |    14 ||    33
         Punch             |     1 |     6 |     3 ||    10
         Whip              |       |    39 |    55 ||    94
   Stab: Sleeping          |     6 |     7 |     3 ||    16
         Distracted        |       |     1 |     1 ||     2
 Armour: Skin              |    26 |    29 |    25 ||    80
  Dodge: Dodged            |    32 |    59 |    30 ||   121
  Block: Other             |       |     9 |    12 ||    21

Table legend: (Time is in decaauts)
 A = Elapsed time spent in this place.
 B = Non-inter-level travel time spent in this place.
 C = Inter-level travel time spent in this place.
 D = Time resting spent in this place.
 E = Time spent auto-exploring this place.
 F = Levels seen in this place.
 G = Mean time per level.
                   A        B        C        D        E       F      G
               +--------+--------+--------+--------+--------+-----+--------+
         Total |   3319 |   3166 |    153 |    340 |   2206 |   5 |  663.8 |
       Dungeon |   3319 |   3166 |    153 |    340 |   2206 |   5 |  663.8 |
               +--------+--------+--------+--------+--------+-----+--------+

Top non-repeatable levels by time:
     D:1: 816 daAuts
     D:5: 756 daAuts
     D:2: 627 daAuts
     D:3: 580 daAuts
     D:4: 538 daAuts
